Map: King Sejong Station LE

Players

blackxored - Winner!

  • Race: Zerg Zerg
  • League: Diamond

Jon

  • Race: Zerg Zerg
  • League: Platinum

VOD

Have the link to the VOD?

Description

Time

  • Played on: June 19, 2016, 8:02 p.m.
  • Length: 8:51
Show
View Real Time Build Order
Export as new Build Order

blackxored Zerg - Winner!

Build Orders: Hatch First 

Get SALT Encoding   

  12  0:01  Drone  
  13  0:08  Drone  
  14  0:18  Overlord  
  14  0:22  Extractor  
  14  0:24  Drone  
  15  0:39  Drone x2  
  17  0:53  Hatchery  
  17  0:57  Drone  
  17  0:59  Drone  
  18  1:11  Extractor  
  17  1:16  Spawning Pool  
  16  1:19  Drone  
  16  1:21  Drone  
  18  1:27  Drone  
  19  1:43  Overlord  
  20  2:05  Spine Crawler  
  20  2:06  Zergling x2  
  20  2:07  Zergling x2  
  20  2:08  Queen  
  23  2:16  Zergling x2  
  23  2:29  Spine Crawler  
  10  2:43  Zergling x6  
  6  2:59  Zergling x2  
  4  3:11  Drone  
  5  3:23  Queen  
  5  3:26  Drone  
  8  3:49  Zergling x2  
  8  4:17  Drone  
  9  4:44  Drone  
  10  4:56  Drone  
  11  5:15  Drone  
  12  5:26  Drone  
  9  5:55  Drone x3  
  12  5:58  Drone  
  13  6:05  Drone  
  14  6:15  Drone  
  15  6:23  Drone x2  
  17  6:43  Drone x2  
  19  6:54  Metabolic Boost  
  19  6:59  Zergling x4  
  21  7:02  Zergling x2  
  22  7:11  Zergling x2  
  23  7:19  Queen  
  25  7:24  Zergling x4  
  25  7:26  Zergling x2  
  28  7:39  Zergling x4  
  28  7:47  Zergling x2  
  29  7:54  Zergling x2  
  30  8:09  Overlord  
  30  8:24  Zergling x6  
  29  8:29  Overlord  
  29  8:33  Zergling x2  
Show
View Real Time Build Order
Export as new Build Order

Jon Zerg 

Build Orders: Pool First 

Get SALT Encoding   

  12  0:05  Drone  
  13  0:08  Drone  
  14  0:27  Spawning Pool  
  13  0:34  Overlord  
  13  0:45  Drone  
  14  1:14  Zergling x2  
  14  1:15  Zergling x4  
  17  1:34  Zergling x2  
  17  1:37  Zergling x2  
  19  1:48  Zergling x2  
  20  1:59  Zergling x2  
  21  2:10  Zergling x2  
  18  2:40  Zergling x4  
  11  4:21  Drone x3  
  14  4:34  Drone  
  15  4:46  Queen  
  15  4:52  Drone  
  18  5:00  Drone  
  19  5:19  Drone x2  
  21  5:27  Spine Crawler  
  20  5:49  Drone x3  
  19  5:57  Queen  
  21  6:11  Extractor  
  21  6:15  Zergling x2  
  21  6:17  Overlord  
  21  6:38  Zergling x2  
  21  6:39  Zergling x4  
  22  6:57  Hatchery  
  21  7:12  Zergling x10  
  25  7:55  Extractor  
  25  7:56  Zergling x10  
  29  8:00  Overlord  
  29  8:06  Baneling Nest  
  25  8:23  Zergling x6  
Tags
 
Add a new tag
Caveats
  • Supply blocks, unpowered buildings, or Contaminate may cause inaccurate times.
  • Supply counts are checked every 10 seconds.